 Dungeon Crawl Stone Soup version 0.30-a0-439-g9e77e4d916 (webtiles) character file.

Game seed: 5257476143749209909

1992 cforsyth the Cleaver (level 9, -3/121 HPs)
             Began as a Minotaur Berserker on Dec 11, 2022.
             Was an Elder of Trog.
             Slain by an ogre
             ... wielding a +0 giant club
              (16 damage)
             ... on level 6 of the Dungeon.
             The game lasted 00:07:43 (5473 turns).

cforsyth the Cleaver (Minotaur Berserker)           Turns: 5473, Time: 00:07:44

Health: -3/121     AC: 16    Str: 25    XL:     9   Next: 1%
Magic:  0/8        EV:  9    Int:  4    God:    Trog [****..]
Gold:   329        SH:  0    Dex: 11    Spells: 8/8 levels left

rFire   . . .      SeeInvis +    d - +2 battleaxe
rCold   . . .      Faith    .    (shield currently unavailable)
rNeg    . . .      Spirit   +    v - +0 plate armour
rPois   .          Reflect  .    (helmet restricted)
rElec   .          Harm     .    a - +0 cloak
rCorr   .          Rampage  .    (no gloves)
Will    +....                    j - +0 pair of boots
Stlth   ..........               t - amulet of guardian spirit
HPRegen 0.40/turn                k - ring of willpower
MPRegen 0.11/turn                x - ring of see invisible

@: berserking, very quick
A: horns 2, retaliatory headbutt
a: Renounce Religion, Berserk, Trog's Hand, Brothers in Arms


You were on level 6 of the Dungeon.
You worshipped Trog.
Trog was greatly pleased with you.
You visited 1 branch of the dungeon, and saw 6 of its levels.

You collected 329 gold pieces.

Inventory:

Hand Weapons
 d - a +2 battleaxe (weapon)
Armour
 a - a +0 cloak (worn)
 b - a +0 animal skin
 j - a +0 pair of boots (worn)
 q - a +1 ring mail of positive energy
 v - a +0 plate armour (worn)
Jewellery
 k - a ring of willpower (left hand)
 t - an amulet of guardian spirit (around neck)
 x - a ring of see invisible (right hand)
Wands
 g - a wand of polymorph (6)
 m - a wand of charming (9)
 p - a wand of iceblast (5)
 y - a wand of acid (14)
Scrolls
 c - 6 scrolls of teleportation {unknown}
 h - a scroll of fear
Potions
 e - 2 potions of flight
 f - 4 potions of curing
 i - 3 potions of heal wounds {unknown}
 l - 2 potions of berserk rage {unknown}
 n - a potion of brilliance {unknown}
 o - a potion of attraction {unknown}
 r - a potion of invisibility {unknown}
 s - 2 potions of lignification {unknown}
 z - a potion of cancellation {unknown}
 A - 3 potions of haste {unknown}


   Skills:
 + Level 7.9 Fighting
 + Level 8.0 Axes
 + Level 7.4 Armour
 + Level 6.7 Dodging


You had 8 spell levels left.
You didn't know any spells.
Your spell library was empty.

Dungeon Overview and Level Annotations

Branches:
Dungeon (6/15)
 Temple: D:4-7

Altars:
Dithmenos
Elyvilon
Nemelex Xobeh
Yredelemnul
The Shining One


Innate Abilities, Weirdness & Mutations

You have a pair of horns on your head.
You reflexively headbutt those who attack you in melee.


Message History

You are too injured to fight recklessly!
You are too injured to fight recklessly!
You are too injured to fight recklessly!
You are too injured to fight recklessly!
You hit the yak but do no damage.
The yak is heavily wounded.
You hit the yak.
You kill the yak!
Trog accepts your kill.
You closely miss the yak. The yak closely misses you. You furiously retaliate!
You headbutt the yak. The yak gores you but does no damage.
Unknown command.
You hit the yak but do no damage. You headbutt the yak!
The yak is severely wounded.
You barely miss the yak. The yak gores you.
The yak gores you but does no damage.
Unknown command.
Unknown command.
You hit the yak. You headbutt the yak.
You kill the yak!
Trog accepts your kill.
You completely miss the yak. The yak gores you.
Your Axes skill increases to level 8!
You have reached level 9!
Your experience leads to an increase in your attributes!
Increase (S)trength, (I)ntelligence, or (D)exterity?
You feel stronger. x2
Unknown command.
You barely miss the ogre. You slash the yak!
The ogre hits you with a +0 giant club!!
* * * LOW HITPOINT WARNING * * *
The yak gores you!
* * * LOW HITPOINT WARNING * * *
The yak gores you.
* * * LOW HITPOINT WARNING * * *
Unknown command.
A red film seems to cover your vision as you go berserk!
You feel yourself moving faster!
You feel mighty!
The ogre hits you with a +0 giant club!!
You die...

# ## .## #.
..## ... ...##
##.... #...##
###K.....
##...##
###)OY.#
##...##
##..@Y#
##...##
###...###
##...###...###
##.......##
##....###
##.### #.# ###


You could see 2 yaks, an ogre and a kobold.

Vanquished Creatures
  Sigmund (D:2)
  2 yaks (D:6)
  2 water moccasins (D:5)
  A centaur (D:4)
  3 phantoms (D:4)
  2 kobold brigands (D:6)
  A scorpion (D:3)
  5 wights (D:5)
  2 hounds
  3 orc priests
  Jessica (D:3)
  Ijyb (D:3)
  Natasha (twice) (D:3)
  An iguana (D:5)
  6 orc wizards
  3 gnolls (D:6)
  2 adders
  A white imp (D:5)
  An ufetubus (D:5)
  3 worms
  2 dart slugs
  19 orcs
  8 ball pythons
  3 bats
  8 endoplasms
  2 giant cockroaches (D:1)
  7 goblins
  5 hobgoblins
  2 quokkas
  A frilled lizard (D:2)
  14 kobolds
  2 rats (D:1)
116 creatures vanquished.

Vanquished Creatures (others)
  2 plants (D:5)
2 creatures vanquished.

Grand Total: 118 creatures vanquished

Notes
Turn   | Place    | Note
-------+----------+-------------------------------------------
     0 | D:1      | cforsyth the Minotaur Berserker began the quest for the
                  | Orb.
     0 | D:1      | Reached XP level 1. HP: 19/19 MP: 0/0
   198 | D:1      | Reached XP level 2. HP: 14/27 MP: 1/1
   794 | D:2      | Reached skill level 4 in Axes
  1182 | D:2      | Noticed Sigmund
  1193 | D:2      | Killed Sigmund
  1194 | D:2      | Reached XP level 3. HP: 9/35 MP: 2/2
  1194 | D:2      | Reached XP level 4. HP: 10/41 MP: 3/3
  1194 | D:2      | Reached XP level 5. HP: 12/47 MP: 4/4
  1817 | D:3      | Noticed Natasha
  1820 | D:3      | Killed Natasha
  1820 | D:3      | Reached ** piety under Trog
  1821 | D:3      | Reached skill level 5 in Fighting
  1821 | D:3      | Reached skill level 5 in Axes
  1838 | D:3      | Noticed Jessica
  1845 | D:3      | Killed Jessica
  1869 | D:3      | Noticed Ijyb
  1880 | D:3      | Killed Ijyb
  1881 | D:3      | Reached XP level 6. HP: 39/56 MP: 5/5
  2296 | D:3      | Found a sparkling altar of Nemelex Xobeh.
  2363 | D:3      | Noticed Natasha
  2373 | D:3      | Killed Natasha
  2629 | D:4      | Reached skill level 5 in Armour
  2629 | D:4      | Reached XP level 7. HP: 32/62 MP: 6/6
  2755 | D:4      | Reached skill level 6 in Axes
  2862 | D:4      | Found a white marble altar of Elyvilon.
  2864 | D:4      | Found a shadowy altar of Dithmenos.
  3250 | D:4      | Reached *** piety under Trog
  3251 | D:4      | Reached skill level 5 in Dodging
  3354 | D:5      | Entered Level 5 of the Dungeon
  3628 | D:5      | Found a basalt altar of Yredelemnul.
  3713 | D:5      | Reached XP level 8. HP: 46/71 MP: 7/7
  4075 | D:5      | Reached skill level 7 in Axes
  4298 | D:5      | Found a glowing golden altar of the Shining One.
  5462 | D:6      | Reached **** piety under Trog
  5472 | D:6      | Reached skill level 8 in Axes
  5472 | D:6      | Reached XP level 9. HP: 36/81 MP: 4/8
  5473 | D:6      | Slain by an ogre

Illustrated notes

Levels and vault maps discovered:
D:1:      dpeg_arrival_simpleton_c, layout_basic,
          nicolae_concentric_dashed_squares_wild
D:2:      layout_basic, minmay_tiny_reverse_x, uniq_sigmund
D:3:      layout_loops_cross, nemelex_spade_bored_becter, uniq_natasha,
          uniq_ijyb, uniq_jessica
D:4:      wander_river, layout_loops_cross, mainiacjoe_overflow_big_doors
D:5:      layout_cave_pods, lemuel_tele_altar, tso_oasis_becter
D:6:      layout_cave_pods, kennysheep_nondescript

Skill      XL: |  1  2  3  4  5  6  7  8 |
---------------+-------------------------+-----
Axes           | 4 5 6 8 |  8.0
Fighting       | 4 5 6 7 |  7.9
Armour         | 4 5 6 7 |  7.4
Dodging        | 3 4 5 6 |  6.7

Action                   |  1- 3 |  4- 6 |  7- 9 || total
-------------------------+-------+-------+-------++-------
Melee: Hand axe          |    36 |   109 |    97 ||   242
       Headbutt          |     5 |    18 |    33 ||    56
       Battleaxe         |       |       |    70 ||    70
Invok: Berserk           |     1 |       |     2 ||     3
       Trog's Hand       |       |     1 |       ||     1
  Use: Scroll            |       |       |    10 ||    10
 Stab: Sleeping          |       |     1 |       ||     1
Armor: Animal skin       |     7 |     4 |       ||    11
       Plate armour      |       |    39 |   132 ||   171
       Ring mail         |       |    19 |       ||    19
Dodge: Dodged            |    18 |    64 |    73 ||   155

Table legend: (Time is in decaauts)
 A = Elapsed time spent in this place.
 B = Non-inter-level travel time spent in this place.
 C = Inter-level travel time spent in this place.
 D = Time resting spent in this place.
 E = Time spent auto-exploring this place.
 F = Levels seen in this place.
 G = Mean time per level.
                   A        B        C        D        E       F      G
               +--------+--------+--------+--------+--------+-----+--------+
         Total |   5544 |   5418 |    126 |    756 |   3870 |   6 |  924.0 |
       Dungeon |   5544 |   5418 |    126 |    756 |   3870 |   6 |  924.0 |
               +--------+--------+--------+--------+--------+-----+--------+

Top non-repeatable levels by time:
     D:5: 1229 daAuts
     D:2: 1068 daAuts
     D:4: 1013 daAuts
     D:3: 818 daAuts
     D:6: 731 daAuts
     D:1: 683 daAuts
